 Dungeon Crawl Stone Soup version 0.18-a0-1229-ge9a1a01 (webtiles) character file.

641 Lonerover the Skirmisher (level 7, -1/63 HPs)
             Began as a Minotaur Fighter on Feb 4, 2016.
             Was an Initiate of Qazlal.
             Killed from afar by Pikel (7 damage)
             ... with a wand of acid
             ... on level 5 of the Dungeon on Feb 25, 2016.
             The game lasted 00:10:12 (3661 turns).

Lonerover the Skirmisher (Minotaur Fighter)         Turns: 3661, Time: 00:10:13

Health: -1/63      AC: 12    Str: 23    XL:     7   Next: 26%
Magic:  7/7        EV:  7    Int:  5    God:    Qazlal [......]
Gold:   201        SH: 10    Dex:  9    Spells: 0 memorised, 6 levels left

rFire  . . .     SeeInvis .     a - +0 war axe
rCold  . . .     Gourm    .     m - +1 chain mail {rPois}
rNeg   . . .     Faith    +     c - +0 shield
rPois  +         Spirit   .     o - +2 hat
rElec  .         Dismiss  .     (no cloak)
rCorr  .         Reflect  .     (no gloves)
SustAt .         Harm     .     (no boots)
MR     .....                    v - amulet of faith
Stlth  ..........               (no ring)
                                (no ring)

@: not resistant to hostile enchantments, extremely unstealthy
A: retaliatory headbutt, horns 2
a: Renounce Religion


You were on level 5 of the Dungeon.
You worshipped Qazlal.
Qazlal was noncommittal.
You were hungry.

You visited 1 branch of the dungeon, and saw 5 of its levels.

You collected 201 gold pieces.

Inventory:

Hand Weapons
 a - a +0 war axe (weapon)
Armour
 b - a +0 scale mail
 c - a +0 shield (worn)
 m - a +1 chain mail of poison resistance (worn)
 o - a +2 hat (worn)
Jewellery
 v - an amulet of faith (around neck)
 y - an uncursed ring of protection from fire {unknown}
Wands
 j - a wand of confusion (22/48)
Scrolls
 h - a scroll of remove curse {unknown}
 i - 5 scrolls of identify {unknown}
 k - 3 scrolls of enchant armour {unknown}
 l - 2 scrolls of fear {unknown}
 n - 3 scrolls of noise {unknown}
 r - a scroll of immolation {unknown}
 s - 2 scrolls of amnesia {unknown}
 w - a scroll of teleportation {unknown}
Potions
 d - a potion of might
 e - 3 potions of curing {unknown}
 q - a potion of heal wounds {unknown}
 u - a potion of invisibility {unknown}
 x - a potion of haste {unknown}
 z - a potion of ambrosia {unknown}
Comestibles
 f - 3 bread rations
 g - 4 meat rations
 p - a slice of pizza


   Skills:
 * Level 6.0 Fighting
 * Level 5.3 Axes
 - Level 5.1 Armour
 - Level 2.7 Dodging
 - Level 0.1 Stealth
 - Level 5.0 Shields
 + Level 1.6 Invocations


You had 6 spell levels left.
You didn't know any spells.

Dungeon Overview and Level Annotations

Branches:
Dungeon (5/15)
 Temple: D:4-7

Altars:
Dithmenos
Elyvilon
Kikubaaqudgha
Nemelex Xobeh
Qazlal
Sif Muna
Trog
Xom
Yredelemnul
The Shining One

Annotations:
D:5 Pikel


Innate Abilities, Weirdness & Mutations

You reflexively headbutt those who attack you in melee.
You have a pair of horns on your head.


Message History

You closely miss the slave.
The slave is severely wounded.
You closely miss the slave. You barely miss the slave. You closely miss Pikel.
You hit the slave.
The slave is lightly wounded.
You block the slave's attack. The slave closely misses you.
The slave hits you but does no damage.
Pikel says, "Slavery isn't that bad."
Pikel zaps a wand.
The bolt of acid hits you!
The acid burns!
* * * LOW HITPOINT WARNING * * *
The slave barely misses you. You block the slave's attack.
You miss the slave.
The slave is severely wounded.
You closely miss the slave.
The slave is lightly wounded.
Your shield prevents you from hitting Pikel.
Your shield prevents you from hitting the slave.
You closely miss the slave. You block the slave's attack.
Pikel zaps a wand.
The bolt of acid hits you!
You die...

#.#
#.#..........
#.#.........
#.#........
#.#.......#
#.#.......#
#.#.......#
#.#...ppK.#
#.#....@p.#
#.#####p###
#.# #.# #.#
#.# #.# #.#
#######.# #.#
#.......# #.#
##.###### #.#
#.#...# #.#
############


You could see Pikel and 4 slaves.

Vanquished Creatures
  A sky beast (D:5)
  2 crimson imps
  A centaur skeleton (D:5)
  A hound (D:3)
  2 orc priests (D:4)
  Terence (D:2)
  An orc wizard (D:3)
  3 worker ants
  Ijyb (D:2)
  Robin (D:2)
  7 adders
  4 gnolls (D:4)
  An ooze (D:1)
  A worm (D:2)
  3 giant geckos
  7 orcs
  5 giant cockroaches
  17 goblins
  11 hobgoblins
  9 jackals
  3 quokkas
  6 bats
  2 giant gecko skeletons
  2 giant newts
  2 kobolds (D:1)
  2 rats
96 creatures vanquished.

Notes
Turn   | Place    | Note
--------------------------------------------------------------
     0 | D:1      | Lonerover the Minotaur Fighter began the quest for the Orb.
     0 | D:1      | Reached XP level 1. HP: 19/19 MP: 0/0
   394 | D:1      | Reached XP level 2. HP: 27/27 MP: 1/1
   403 | D:1      | Reached skill level 4 in Fighting
   932 | D:2      | Noticed Robin
   939 | D:2      | Killed Robin
   939 | D:2      | Reached XP level 3. HP: 29/33 MP: 2/2
   967 | D:2      | Found a white marble altar of Elyvilon.
  1045 | D:2      | Found a sparkling altar of Nemelex Xobeh.
  1131 | D:2      | Reached XP level 4. HP: 40/40 MP: 3/3
  1141 | D:2      | Found a deep blue altar of Sif Muna.
  1141 | D:2      | Found a basalt altar of Yredelemnul.
  1151 | D:2      | Reached skill level 1 in Dodging
  1202 | D:2      | Noticed Ijyb
  1203 | D:2      | Found a shadowy altar of Dithmenos.
  1203 | D:2      | Found a shimmering altar of Xom.
  1226 | D:2      | Killed Ijyb
  1277 | D:2      | Noticed Terence
  1282 | D:2      | Killed Terence
  1428 | D:2      | Found a glowing golden altar of the Shining One.
  1494 | D:2      | Became a worshipper of the Shining One
  1528 | D:2      | Reached XP level 5. HP: 47/47 MP: 4/4
  1561 | D:3      | Found a bloodstained altar of Trog.
  2208 | D:4      | Reached skill level 5 in Fighting
  2208 | D:4      | Reached XP level 6. HP: 54/56 MP: 5/5
  2211 | D:4      | Reached skill level 5 in Armour
  2515 | D:4      | Found a stormy altar of Qazlal.
  2537 | D:4      | Fell from the grace of the Shining One
  2537 | D:4      | Became a worshipper of Qazlal Stormbringer
  2620 | D:4      | Reached skill level 5 in Shields
  3031 | D:5      | Entered Level 5 of the Dungeon
  3086 | D:5      | Noticed a sky beast
  3101 | D:5      | Killed a sky beast
  3101 | D:5      | Reached skill level 5 in Axes
  3101 | D:5      | Reached skill level 1 in Invocations
  3101 | D:5      | Reached XP level 7. HP: 25/62 MP: 6/6
  3307 | D:5      | Found an ancient bone altar of Kikubaaqudgha.
  3573 | D:5      | Reached skill level 6 in Fighting
  3652 | D:5      | Noticed Pikel
  3661 | D:5      | Killed from afar by Pikel

Vault maps used:
D:1:      tarquinn_simple_flora_water_b
D:2:      nemelex_xobeh_ov_fountains_minmay, minitemple, elyvilon_altar_5,
          gammafunk_temple_overflow_wave, serial_curves, eino_curves_03,
          eino_curves_02, nicolae_tso_swordbearing_angel, uniq_iyjb, uniq_robin,
          uniq_terence
D:3:      bloody_trog, first_bread, kennysheep_cross_bottleneck
D:4:      grunt_qazlal_clouds
D:5:      lemuel_crystal_altar, uniq_pikel

Action                   |  1- 3 |  4- 6 |  7- 9 || total
-------------------------+-------+-------+-------++-------
Melee: War axe           |    79 |   184 |    23 ||   286
  Eat: Chunk             |     1 |     6 |       ||     7
       Beef jerky        |       |       |     1 ||     1
